 Dungeon Sprint DCSS version 0.29-a0-723-gce39da1c22 (webtiles) character file.

Game seed: 17413466190274991600

149 manyhoops the Carver (level 5, 0/84 HPs)
             Began as a Minotaur Berserker on June 28, 2022.
             Was a Follower of Trog.
             Slain by a wyvern (3 damage)
             ... in the Dungeon (Sprint II: "The Violet Keep of Menkaure").
             The game lasted 00:00:59 (401 turns).

manyhoops the Carver (Minotaur Berserker)            Turns: 401, Time: 00:01:00

Health: 0/84       AC:  2    Str: 24    XL:     5   Next: 9%
Magic:  4/4        EV: 12    Int:  4    God:    Trog [*.....]
Gold:   0          SH:  0    Dex:  9    Spells: 4/4 levels left

rFire   . . .      SeeInvis .   a - +0 falchion
rCold   . . .      Faith    .   (no shield)
rNeg    . . .      Spirit   .   b - +0 animal skin
rPois   .          Reflect  .   (helmet restricted)
rElec   .          Harm     .   (no cloak)
rCorr   .          Rampage  .   (no gloves)
Will    .....      NoTele   +   (no boots)
Stlth   ..........              (no amulet)
HPRegen 0.24/turn               (no ring)
MPRegen 0.09/turn               (no ring)

@: berserking, hasted, very quick
A: horns 2, retaliatory headbutt
a: Renounce Religion, Berserk


You were in the Dungeon.
You worshipped Trog.
Trog was aware of your devotion.
You visited 1 branch

Inventory:

Hand Weapons
 a - a +0 falchion (weapon)
Armour
 b - a +0 animal skin (worn)
Scrolls
 h - a scroll of blinking
Potions
 c - a potion of curing
 f - 2 potions of magic
 g - a potion of berserk rage


   Skills:
 + Level 8.4 Fighting
 + Level 8.6 Long Blades
 - Level 4.5 Armour
 + Level 4.3 Dodging


You had 4 spell levels left.
You didn't know any spells.
Your spell library was empty.

Dungeon Overview and Level Annotations

Branches:
Dungeon (1/1)

Altars:

Annotations:
D Menkaure


Innate Abilities, Weirdness & Mutations

You have a pair of horns on your head.
You reflexively headbutt those who attack you in melee.


Message History

You are exhausted.
You feel yourself slow down.
You start resting.
You feel yourself speed up.
You start resting.
You recover from your berserk rage.
You start resting.
The walls and floor vibrate strangely for a moment.
You start resting.
HP restored.
Menkaure opens the door.
Found 243 gold pieces.
A merfolk siren comes into view. It is wielding a +0 spear.
Okay, then.
Okay, then.
The wyvern hisses angrily.
Menkaure shouts!
The merfolk siren shouts!
The wyvern bites you! x2
There is an open door here.
The wyvern attacks as you move away! The wyvern bites you.
You feel much better. The wyvern closely misses you.
The wyvern barely misses you. You furiously retaliate!
You headbutt the wyvern.
You feel yourself speed up.
The merfolk siren hits you from afar with a +0 spear!
The wyvern bites you!
Okay, then.
A red film seems to cover your vision as you go berserk!
You feel yourself moving faster!
You feel mighty! The wyvern barely misses you.
The merfolk siren hits you from afar with a +0 spear!
* * * LOW HITPOINT WARNING * * *
You hit the wyvern. Your headbutt misses the wyvern.
The wyvern is moderately wounded.
The wyvern bites you.
* * * LOW HITPOINT WARNING * * *
You slash the wyvern! Your headbutt misses the wyvern.
The wyvern is heavily wounded.
The merfolk siren closely misses you. The wyvern bites you!
* * * LOW HITPOINT WARNING * * *
You barely miss the wyvern.
The wyvern is heavily wounded.
The wyvern bites you.
You die... ## ## ##. .## .. .. ## B#B

#.# #+#
#$##.##
##lm<.+
#@##.##
#.###'#
##


.mM .#.. . .## ## ## You could see a merfolk siren and a wyvern.

Vanquished Creatures
  A wyvern (D)
1 creature vanquished.

Vanquished Creatures (others)
  A boulder beetle (D)
  A water moccasin (D)
2 creatures vanquished.

Grand Total: 3 creatures vanquished

Notes
Turn   | Place    | Note
-------+----------+-------------------------------------------
     0 | D        | manyhoops the Minotaur Berserker began the quest for the
                  | Orb.
     0 | D        | Reached XP level 1. HP: 19/19 MP: 0/0
     1 | D        | Noticed a boulder beetle
     1 | D        | Noticed a boulder beetle
   104 | D        | Noticed a wyvern
   104 | D        | Noticed a wyvern
   108 | D        | HP: 1/28 [wyvern (16)]
   110 | D        | Killed a wyvern
   111 | D        | Reached XP level 2. HP: 3/36 MP: 1/1
   111 | D        | Reached XP level 3. HP: 4/41 MP: 2/2
   111 | D        | Reached XP level 4. HP: 4/49 MP: 3/3
   111 | D        | Reached XP level 5. HP: 5/56 MP: 4/4
   159 | D        | Killed a water moccasin
   348 | D        | Killed a boulder beetle
   393 | D        | Noticed Menkaure
   393 | D        | Noticed a merfolk siren
   400 | D        | HP: 3/84 [wyvern (17)]
   401 | D        | Slain by a wyvern

Illustrated notes

Levels and vault maps discovered:
D:        the_violet_keep_of_menkaure [sprint2_stairs_cluster_1,
          sprint2_shoproom, sprint2_temple, sprint2_basic_supplies,
          sprint2_obstacle_4, sprint2_obstacle_2, sprint2_obstacle_1,
          sprint2_obstacle_3, sprint2_obstacle_6, sprint2_timed_cluster_1,
          sprint2_smallroom_cluster_1, sprint2_smallroom_final_cluster_1,
          sprint2_transparent_cluster_1, sprint2_second_timed_cluster_1,
          sprint2_sniper_area_1, sprint2_heavy_combat_area_1,
          sprint2_mutation_trap_area_1, sprint2_forest_area_1,
          sprint2_light_combat_area_1, sprint2_behind_water_1,
          sprint2_near_end_vault_1]

Skill      XL: |  1 |
---------------+----+-----
Fighting       | 8 |  8.4
Long Blades    | 8 |  8.6
Armour         | 4 |  4.5
Dodging        | 4 |  4.3

Action                   |  1- 3 |  4- 6 || total
-------------------------+-------+-------++-------
Melee: Falchion          |     4 |     3 ||     7
       Headbutt          |     2 |       ||     2
Invok: Berserk           |     1 |     1 ||     2
  Use: Potion            |       |     2 ||     2
Dodge: Dodged            |     4 |     4 ||     8

Table legend: (Time is in decaauts)
 A = Elapsed time spent in this place.
 B = Non-inter-level travel time spent in this place.
 C = Inter-level travel time spent in this place.
 D = Time resting spent in this place.
 E = Time spent auto-exploring this place.
 F = Levels seen in this place.
 G = Mean time per level.
                   A        B        C        D        E       F      G
               +--------+--------+--------+--------+--------+-----+--------+
         Total |    408 |    408 |      0 |    391 |      0 |   1 |  408.0 |
       Dungeon |    408 |    408 |      0 |    391 |      0 |   1 |  408.0 |
               +--------+--------+--------+--------+--------+-----+--------+

Top non-repeatable levels by time:
       D: 408 daAuts
